 Dungeon Sprint DCSS version 0.17.0-28-g6e173f8 (webtiles) character file.

4160 xeno23 the Bludgeoner (level 10, -18/156 HPs)
             Began as a Minotaur Berserker on Nov 24, 2015.
             Was the Champion of Trog.
             Demolished by Frances
             ... wielding a +0 war axe of holy wrath
              (27 damage)
             ... in the Dungeon (Sprint III: "The Ten Rune Challenge").
             The game lasted 00:10:51 (1608 turns).

xeno23 the Bludgeoner (Minotaur Berserker)          Turns: 1608, Time: 00:10:51

Health: -18/156    AC: 11    Str: 30    XL:     10   Next: 7%
Magic:  8/8        EV: 16    Int:  4    God:    Trog [******]
Gold:   44         SH:  0    Dex: 10    Spells: 0 memorised, 9 levels left

rFire  . . .     SeeInvis .     b - +2 great mace (venom)
rCold  . . .     Clarity  .     y - +0 ring mail
rNeg   . . .     SustAt   .     (shield currently unavailable)
rPois  .         Gourm    .     (helmet unavailable)
rElec  .         Spirit   .     l - +0 cloak
rCorr  .         Warding  .     (no gloves)
rMut   .         NoTele   +     (no boots)
MR     +....                    (no amulet)
Stlth  ..........               (no ring)
                                (no ring)

@: berserking (expiring), very quick, somewhat resistant to hostile
enchantments, extremely unstealthy
A: retaliatory headbutt, horns 3, slimy green scales 1, deterioration 1, low mp
1, magic resistance 1
a: Berserk, Trog's Hand, Brothers in Arms, Burn Spellbooks, Renounce Religion


You were in the Dungeon.
You worshipped Trog.
Trog was exalted by your worship.
You were hungry.

You visited 1 branch You collected 44 gold pieces.

Inventory:

Hand Weapons
 b - a +2 great mace of venom (weapon)
Missiles
 j - 5 javelins of penetration (quivered)
Armour
 l - a +0 cloak (worn)
 y - a +0 ring mail (worn)
Scrolls
 i - a scroll of blinking
 n - a scroll of immolation
 o - a scroll of identify
 p - 2 scrolls of remove curse {unknown}
 s - a scroll of torment {unknown}
Potions
 e - 2 potions of heal wounds
 f - a potion of haste
 g - 2 potions of magic
 h - a potion of berserk rage
 k - 4 potions of flight
 r - a potion of invisibility {unknown}
 t - a potion of cure mutation {unknown}
Books
 u - a book of Debilitation

   Spells                             Type                      Level
   a - Corona                         Hexes                        1
   b - Slow                           Hexes                        2
   c - Gell's Gravitas                Hexes/Translocation          3
   d - Inner Flame                    Hexes/Fire                   3
   e - Cause Fear                     Hexes                        4
   f - Leda's Liquefaction            Hexes/Earth                  4
   Trog disapproves of the use of such an item.
Comestibles
 c - a bread ration
 q - 5 fruits
 w - a royal jelly


   Skills:
 + Level 14.7 Fighting
 * Level 16.9 Maces & Flails
 + Level 11.2 Armour
 + Level 11.3 Dodging


You had 9 spell levels left.
You didn't know any spells.

Dungeon Overview and Level Annotations

Branches:
Dungeon (1/1)

Altars:
Cheibriados
Dithmenos
Elyvilon
Fedhas
Gozag
Kikubaaqudgha
Makhleb
Nemelex Xobeh
Okawaru
Qazlal
Ru
Sif Muna
Trog
Vehumet
Xom
Yredelemnul
Zin
The Shining One
Jiyva
Lugonu

Annotations:
D Frances


Innate Abilities, Weirdness & Mutations

You reflexively headbutt those who attack you in melee.
You have a pair of large horns on your head.
You are partially covered in slimy green scales (AC +2).
Your body sometimes deteriorates upon taking damage.
Your magical capacity is low (-10% MP).
You are resistant to hostile enchantments.


Message History

You bludgeon Wiglaf!!
You kill Wiglaf!
Trog accepts your kill.
Your Armour skill increases to level 11!
Your Dodging skill increases to level 11!
You have reached level 10!
Frances hits you with an uncursed war axe of holy wrath.
* * * LOW HITPOINT WARNING * * *
You take 1 damage.
You closely miss Frances. You sock Frances!
Frances is poisoned.
You headbutt Frances!
Frances is lightly wounded.
Frances screams a word of power!
Frances seems to speed up.
You bludgeon Frances!! You headbutt Frances!!
Frances is heavily wounded.
You hammer Frances like a gong!!!
Frances looks even sicker.
Frances is almost dead.
Frances hits you with an uncursed war axe of holy wrath!!
You die...

#....#.#.#.....#......+
##.#..#.##.###.#......#
'##.#.#.##.#.)##^..(..#
#.).#..#))##..'....^^.#
▓▓▓▓▓▓▓▓▓▓▓▓▓▓#(......#
..fff...≈≈≈...#((^....#
≈≈≈≈≈≈≈≈≈≈♣♣..+.......#
♣♣♣♣♣♣♣♣♣♣♣♣PP#.(.....#
♣♣♣##@###### #.)@+
#...# #...# #####


You could see Frances.

Vanquished Creatures
  Wiglaf (D)
  Erolcha (D)
  A deep elf priest (D)
  2 trapdoor spiders (D)
  A redback (D)
  2 wandering mushrooms (D)
  A shadow (D)
  A spatial vortex (D)
  2 hill giants (D)
  A necrophage (D)
  3 two-headed ogres (D)
  A water elemental (D)
  A wizard (D)
  Crazy Yiuf (D)
  A jelly (D)
  Jessica (D)
  A necromancer (D)
  3 humans (D)
  A kobold demonologist (D)
  3 rats (D)
29 creatures vanquished.

Vanquished Creatures (others)
  2 draconian scorchers (D)
  3 yaktaurs (D)
  A plant (D)
6 creatures vanquished.

Grand Total: 35 creatures vanquished

Notes
Turn   | Place    | Note
--------------------------------------------------------------
     0 | D        | xeno23 the Minotaur Berserker began the quest for the Orb.
     0 | D        | Reached XP level 1. HP: 19/19 MP: 0/0
    11 | D        | Reached skill level 4 in Fighting
    25 | D        | Noticed Jessica
    29 | D        | Killed Jessica
    29 | D        | Reached ** piety under Trog
    29 | D        | Reached skill level 5 in Fighting
    29 | D        | Reached skill level 5 in Maces & Flails
    29 | D        | Reached XP level 2. HP: 22/30 MP: 1/1
    50 | D        | Noticed Crazy Yiuf
    54 | D        | Killed Crazy Yiuf
    54 | D        | Reached skill level 6 in Fighting
    54 | D        | Reached XP level 3. HP: 35/38 MP: 2/2
    60 | D        | Reached *** piety under Trog
    60 | D        | Reached skill level 7 in Fighting
    60 | D        | Reached XP level 4. HP: 37/47 MP: 3/3
    91 | D        | Killed a yaktaur
   194 | D        | Killed a white draconian scorcher
   213 | D        | Gained mutation: You are partially covered in slimy green scales (AC +2). [potion of mutation]
   213 | D        | Gained mutation: Your body sometimes deteriorates upon taking damage. [potion of mutation]
   213 | D        | Gained mutation: Your magical capacity is low (-10% MP). [potion of mutation]
   215 | D        | Gained mutation: You have a pair of large horns on your head. [potion of mutation]
   215 | D        | Gained mutation: You are resistant to hostile enchantments. [potion of mutation]
   218 | D        | Noticed a water elemental
   225 | D        | Killed a water elemental
   225 | D        | Reached skill level 8 in Fighting
   231 | D        | Killed a white draconian scorcher
   293 | D        | Killed a yaktaur
   409 | D        | Found a glowing silver altar of Zin.
   410 | D        | Found a glowing golden altar of the Shining One.
   410 | D        | Found a white marble altar of Elyvilon.
   410 | D        | Noticed a deep elf priest
   419 | D        | Killed a deep elf priest
   419 | D        | Reached skill level 10 in Fighting
   419 | D        | Reached skill level 10 in Maces & Flails
   419 | D        | Reached skill level 5 in Armour
   419 | D        | Reached XP level 5. HP: 59/59 MP: 3/3
   419 | D        | Reached XP level 6. HP: 67/67 MP: 4/4
   452 | D        | Found an iron altar of Okawaru.
   452 | D        | Found a bloodstained altar of Trog.
   452 | D        | Noticed a human
   452 | D        | Noticed a human
   473 | D        | Killed a human
   473 | D        | Reached skill level 11 in Fighting
   475 | D        | Killed a human
   475 | D        | Reached **** piety under Trog
   475 | D        | Reached XP level 7. HP: 46/75 MP: 5/5
   586 | D        | Found a radiant altar of Vehumet.
   586 | D        | Found a deep blue altar of Sif Muna.
   586 | D        | Found an ancient bone altar of Kikubaaqudgha.
   586 | D        | Noticed a wizard
   589 | D        | Killed a wizard
   589 | D        | Reached skill level 12 in Fighting
   591 | D        | Received a gift from Trog
   626 | D        | Found a basalt altar of Yredelemnul.
   626 | D        | Found a snail-covered altar of Cheibriados.
   626 | D        | Found a blossoming altar of Fedhas.
   626 | D        | Noticed a necrophage
   626 | D        | Noticed a necromancer
   629 | D        | Killed a necromancer
   636 | D        | Killed a necrophage
   645 | D        | Noticed a jelly
   646 | D        | Noticed a shadow
   655 | D        | Killed a shadow
   657 | D        | Killed a jelly
   657 | D        | Reached ***** piety under Trog
   696 | D        | Found a stormy altar of Qazlal.
   697 | D        | Found a sacrificial altar of Ru.
   697 | D        | Found a burning altar of Makhleb.
   697 | D        | Found a viscous altar of Jiyva.
   697 | D        | Found a shimmering altar of Xom.
   697 | D        | Found a shadowy altar of Dithmenos.
   697 | D        | Found a sparkling altar of Nemelex Xobeh.
   697 | D        | Found a corrupted altar of Lugonu.
   697 | D        | Found an opulent altar of Gozag.
   697 | D        | Noticed a spatial vortex
   711 | D        | Killed a spatial vortex
   711 | D        | Reached skill level 13 in Maces & Flails
   711 | D        | Reached XP level 8. HP: 41/85 MP: 6/6
   946 | D        | Noticed a two-headed ogre
   946 | D        | Noticed a two-headed ogre
   949 | D        | Noticed a two-headed ogre
   954 | D        | Killed a two-headed ogre
   956 | D        | Killed a two-headed ogre
   960 | D        | Killed a two-headed ogre
  1019 | D        | Noticed a hill giant
  1022 | D        | Received a gift from Trog
  1025 | D        | Killed a hill giant
  1209 | D        | Noticed a hill giant
  1209 | D        | Noticed Erolcha
  1212 | D        | Killed Erolcha
  1212 | D        | Reached skill level 15 in Maces & Flails
  1212 | D        | Reached XP level 9. HP: 93/93 MP: 7/7
  1215 | D        | Killed a hill giant
  1216 | D        | Noticed a redback
  1216 | D        | Killed a redback
  1216 | D        | Reached skill level 10 in Dodging
  1217 | D        | Noticed a trapdoor spider
  1220 | D        | Killed a trapdoor spider
  1220 | D        | Reached ****** piety under Trog
  1220 | D        | Reached skill level 10 in Armour
  1245 | D        | Noticed a wandering mushroom
  1249 | D        | Noticed a wandering mushroom
  1254 | D        | Noticed a wandering mushroom
  1264 | D        | Killed a wandering mushroom
  1276 | D        | Noticed a trapdoor spider
  1287 | D        | Killed a trapdoor spider
  1371 | D        | Killed a yaktaur
  1568 | D        | Killed a wandering mushroom
  1568 | D        | Reached skill level 16 in Maces & Flails
  1595 | D        | Noticed Wiglaf
  1595 | D        | Noticed Frances
  1604 | D        | Killed Wiglaf
  1604 | D        | Reached XP level 10. HP: 9/104 MP: 8/8
  1608 | D        | Demolished by Frances

Action                   |  1- 3 |  4- 6 |  7- 9 | 10-12 || total
-------------------------+-------+-------+-------+-------++-------
Melee: Mace              |    14 |    20 |    37 |       ||    71
       Dire flail        |       |       |     3 |       ||     3
       Great mace        |       |       |    29 |     4 ||    33
Invok: Berserk           |     1 |     3 |     5 |       ||     9
       Burn Spellbooks   |       |       |     1 |       ||     1
       Trog's Hand       |       |       |     1 |       ||     1
  Use: Potion            |       |     2 |     1 |       ||     3
       Scroll            |       |     2 |       |       ||     2
  Eat: Chunk             |       |     2 |     7 |       ||     9
       Fruit             |       |       |     1 |       ||     1
